 Dungeon Crawl Stone Soup version 0.27.0-1-g7a089689b8 (webtiles) character file.

Game seed: 17997503520472301965

209 ZARRMARR the Chopper (level 5, -1/46 HPs)
             Began as a Hill Orc Fighter on Aug 1, 2021.
             Was an Initiate of Ru.
             Slain by a gnoll (6 damage)
             ... on level 3 of the Dungeon.
             The game lasted 00:10:33 (2644 turns).

ZARRMARR the Chopper (Hill Orc Fighter)             Turns: 2644, Time: 00:10:34

Health: -1/46      AC:  7    Str: 20    XL:     5   Next: 87%
Magic:  5/5        EV:  7    Int:  8    God:    Ru [......]
Gold:   74         SH:  0    Dex: 10    Spells: 4/4 levels left

rFire    . . .     SeeInvis .   a - +0 war axe
rCold    . . .     Faith    .   c - +0 kite shield
rNeg     . . .     Spirit   .   b - +0 scale mail
rPois    .         Reflect  .   (no helmet)
rElec    .         Harm     .   (no cloak)
rCorr    .         Rampage  .   (no gloves)
Will     .....                  (no boots)
Stlth    ..........             (no amulet)
HPRegen  0.15/turn              (no ring)
MPRegen  0.09/turn              (no ring)

@: confused, lit by a corona, ambrosia-drunk, hasted, glowing, very quick
A: no striking features
a: Renounce Religion


You were on level 3 of the Dungeon.
You worshipped Ru.
Ru was noncommittal.
You visited 1 branch of the dungeon, and saw 3 of its levels.

You collected 74 gold pieces.

Inventory:

Hand Weapons
 a - a +0 war axe (weapon)
 n - a +1 dagger of venom
Missiles
 g - 84 stones
 h - 7 boomerangs (quivered)
Armour
 b - a +0 scale mail (worn)
 c - a +0 kite shield (worn)
Wands
 f - a wand of flame (6)
Scrolls
 j - 2 scrolls of fog
Potions
 d - a potion of cancellation {unknown}
 e - a potion of mutation {unknown}
 i - a potion of ambrosia
 k - a potion of magic {unknown}
 m - a potion of degeneration {unknown}


   Skills:
 + Level 4.2 Fighting
 + Level 5.1 Axes
 + Level 1.0 Throwing
 + Level 4.2 Armour
 + Level 0.7 Dodging
 + Level 4.3 Shields


You had 4 spell levels left.
You didn't know any spells.
Your spell library contained the following spells:

 Spells                   Type           Power      Damage    Failure   Level
 Magic Dart               Conj           0%         1d3       99%         1
 Call Imp                 Summ           0%         N/A       100%        2
 Mephitic Cloud           Conj/Pois/Air  0%         N/A       100%        3


Dungeon Overview and Level Annotations

Branches:
Dungeon (3/15)

Altars:
Nemelex Xobeh
Ru
Xom
The Shining One

Annotations:
D:3 1 runed translucent door, Ganima's ghost, amateur MiAE


Message History

The gnoll shaman hits you with a +0 club. x2
You barely miss the gnoll shaman.
The gnoll shaman is lightly wounded.
You block the gnoll shaman's attack.
The gnoll shaman hits you with a +0 club!
You feel yourself speed up. You block the gnoll shaman's attack. x2
You hit the gnoll shaman.
The gnoll shaman is moderately wounded.
The gnoll shaman hits you with a +0 club!
You slash the gnoll shaman!
The gnoll shaman is almost dead.
The gnoll shaman mumbles some strange prayers to its god.
The gnoll shaman is healed somewhat.
The gnoll shaman hits you but does no damage.
You slash the gnoll shaman!
You kill the gnoll shaman!
The gnoll throws a throwing net.
The throwing net barely misses you.
Your Axes skill increases to level 5!
Your Throwing skill increases to level 1!
Throw: 7 boomerangs
Press: ? - help, Q - select action, (/) - cycle Shift-Dir - straight line, f - gnoll
Aim: a gnoll, wielding a +0 flail (61% to hit)
You throw a boomerang. The boomerang barely misses the gnoll.
Unknown command.
You barely miss the gnoll. The gnoll hits you with a +0 flail.
You hit the gnoll.
The gnoll is moderately wounded.
The gnoll hits you from afar with a +0 halberd.
The gnoll hits you with a +0 flail!
* * * LOW HITPOINT WARNING * * *
You are confused.
You feel invigorated.
You bump into the rock wall.
The gnoll hits you from afar with a +0 halberd.
* * * LOW HITPOINT WARNING * * *
The gnoll hits you with a +0 flail!
* * * LOW HITPOINT WARNING * * *
You're too confused to move!
The gnoll hits you from afar with a +0 halberd.
You die...

... ... ... #.# #.#
#g# #g# #@######
#......## ##..###..#
##.(##W##..
####..##...##.
##.##.##..!..##
#.....+...♣..⌠#
##.##.##..!..##
#.######.##..##...##.


You could see Ganima's ghost and 2 gnolls.

Vanquished Creatures
  A gnoll shaman (D:3)
  Terence (D:2)
  Robin (D:3)
  5 gnolls
  3 adders (D:2)
  2 dart slugs
  3 bats (D:1)
  3 endoplasms
  3 giant cockroaches
  3 hobgoblins (D:3)
  5 jackals (D:1)
  9 kobolds
  A quokka (D:1)
  5 ball pythons
  3 frilled lizards
  13 goblins
  7 rats
68 creatures vanquished.

Notes
Turn   | Place    | Note
-------+----------+-------------------------------------------
     0 | D:1      | ZARRMARR the Hill Orc Fighter began the quest for the Orb.
     0 | D:1      | Reached XP level 1. HP: 19/19 MP: 1/1
    41 | D:1      | Reached XP level 2. HP: 21/27 MP: 2/2
   561 | D:1      | Reached skill level 3 in Axes
   662 | D:1      | Reached XP level 3. HP: 33/33 MP: 3/3
  1190 | D:2      | Reached XP level 4. HP: 39/40 MP: 4/4
  1433 | D:2      | Found a faded altar of an unknown god.
  1523 | D:2      | Noticed Terence
  1524 | D:2      | Reached skill level 4 in Axes
  1528 | D:2      | Killed Terence
  2051 | D:3      | Noticed Robin
  2058 | D:3      | Reached XP level 5. HP: 41/46 MP: 5/5
  2196 | D:3      | Killed Robin
  2276 | D:3      | Found a sparkling altar of Nemelex Xobeh.
  2279 | D:3      | Found a shimmering altar of Xom.
  2282 | D:3      | Found a glowing golden altar of the Shining One.
  2291 | D:3      | Found a sacrificial altar of Ru.
  2295 | D:3      | Became a worshipper of Ru the Awakened
  2365 | D:3      | Found a runed translucent door.
  2365 | D:3      | Noticed Ganima's ghost (amateur MiAE)
  2639 | D:3      | Reached skill level 5 in Axes
  2639 | D:3      | Reached skill level 1 in Throwing
  2643 | D:3      | HP: 2/46 [gnoll (7)]
  2644 | D:3      | Slain by a gnoll

Illustrated notes

Levels and vault maps discovered:
D:1:      dpeg_arrival_renting, layout_basic
D:2:      layout_loops_cross, ebering_ecumenical_altar_box,
          chequers_serial_rivers_micro_d, uniq_terence
D:3:      layout_loops_corners, grunt_temple_overflow_cloverleaf,
          hellmonk_ghost_happy_afterlife, kennysheep_boxes, uniq_natasha,
          uniq_robin, uniq_sigmund, uniq_ijyb, uniq_crazy_yiuf_cottage

Skill      XL: |  1  2  3  4  5 |
---------------+----------------+-----
Axes           | 3 4 5 |  5.1
Fighting       | 4 |  4.2
Shields        | 4 |  4.3
Armour         | 4 |  4.2
Throwing       | 1 |  1.0
Dodging        | |  0.7

Action                   |  1- 3 |  4- 6 || total
-------------------------+-------+-------++-------
Melee: War axe           |    78 |   100 ||   178
Throw: Stone             |    31 |     4 ||    35
       Boomerang         |       |    19 ||    19
  Use: Scroll            |     4 |     1 ||     5
       Potion            |       |     3 ||     3
Armor: Scale mail        |    39 |    31 ||    70
Dodge: Dodged            |    22 |    21 ||    43
Block: Kite shield       |    42 |    48 ||    90
